 Dungeon Crawl Stone Soup version 0.23.0 (webtiles) character file.

Game seed: 16518307195538601147

47 Gorice the Covered (level 3, 0/31 HPs)
             Began as a Hill Orc Wanderer on Feb 9, 2019.
             Killed from afar by a dart slug (2 damage)
             ... with a slug dart
             ... on level 3 of the Dungeon.
             The game lasted 00:06:16 (1424 turns).

Gorice the Covered (Hill Orc Wanderer)              Turns: 1424, Time: 00:06:17

Health: 0/31       AC:  8    Str: 16    XL:     3   Next: 70%
Magic:  4/4        EV:  9    Int: 13    God:
Gold:   121        SH:  0    Dex:  8    Spells: 4/4 levels left

rFire    + . .     SeeInvis .   a - +2 spear
rCold    . . .     Gourm    .   (no shield)
rNeg     . . .     Faith    .   n - +0 scale mail
rPois    .         Spirit   .   (no helmet)
rElec    .         Reflect  .   (no cloak)
rCorr    .         Harm     .   (no gloves)
MR       .....                  i - +0 pair of boots
Stlth    ..........             (no amulet)
HPRegen  0.10/turn              f - ring of protection from fire
MPRegen  0.09/turn              (no ring)

@: no status effects
A: no striking features
a: no special abilities


You were on level 3 of the Dungeon.
You were not hungry.

You visited 1 branch of the dungeon, and saw 3 of its levels.

You collected 121 gold pieces.

Inventory:

Hand Weapons
 a - a +2 spear (weapon)
 g - a +1 short sword of draining
   (You took it off a kobold on level 1 of the Dungeon)
 j - a cursed +0 mace
 m - a +0 hand axe
Missiles
 Y - 97 stones (quivered)
Armour
 b - a +0 ring mail
 i - a +0 pair of boots (worn)
 n - a +0 scale mail (worn)
Jewellery
 f - a ring of protection from fire (left hand)
Scrolls
 h - 2 scrolls of remove curse
 k - a scroll of identify
Potions
 c - a potion of lignification {!q}
 e - a potion of brilliance {!q}
 l - a potion of mutation {!q}
 o - a potion of flight
Comestibles
 d - 2 rations
 p - 2 chunks of flesh


   Skills:
 - Level 3.5 Fighting
 * Level 1.4 Axes
 + Level 4.1 Armour
   Level 1.1 Shields
 - Level 1.0 Spellcasting
   Level 2.1 Fire Magic
   Level 1.0 Evocations


You had 4 spell levels left.
You didn't know any spells.
Your spell library was empty.

Dungeon Overview and Level Annotations

Branches:
Dungeon (3/15)

Altars:
Gozag

Annotations:
D:3 Terence


Message History

You hit the orc.
The orc is heavily wounded.
The orc hits you but does no damage.
You hit the orc.
The orc is severely wounded.
The orc closely misses you.
You hit the orc.
You kill the orc!
No target in view!
No target in view!
No target in view!
You butcher the rat corpse.
p - 2 chunks of flesh (gained 1)
You see here a rat skeleton.
h - 2 scrolls of remove curse (gained 1)
An orc comes into view. It is wielding a +0 flail.
The orc shouts!
An orc priest comes into view. It is wielding a -1 club.
The orc priest enters a dispersal trap!
The orc blinks! x2; You blink.
The orc priest blinks!
The orc shouts!
You hear a shout!
Unknown command.
The orc priest calls down the wrath of Beogh upon you.
Beogh smites you!
Damage: 10 (max 10)
You see here a +0 dagger.
A jackal comes into view.
You see here a rat skeleton.
The jackal barks!
The orc priest shouts, "Beogh is our master!
Accept the truth or die!" (press Y on the ability menu to convert to Beogh)
The orc priest calls down the wrath of Beogh upon you.
Beogh smites you!
* * * LOW HITPOINT WARNING * * *
Damage: 11 (max 11)
The rat twitches its whiskers.
A dart slug comes into view.
The dart slug launches a dart at you. The slug dart misses you.
The orc priest invokes the aid of Beogh against you.
Beogh smites you!
* * * LOW HITPOINT WARNING * * *
Damage: 9 (max 11)
The dart slug launches a dart at you. The slug dart hits you.
* * * LOW HITPOINT WARNING * * *
Damage: 1 (max 11)
The dart slug launches a dart at you. The slug dart hits you.
You die...

##........#............#.#.#..#
##...#
.##................#.#..o <..#
###............# #§###÷ ..##
#.............. .. #. .##
###.#........w.# ## ## .#
######...#..........# .#
#...................### ##
.###.##..####.....)......# #.
........## #...@r.o.o...###
###. #.##.#### ###########..o.#
#... .....# #....###... ....##
####....... ....# ########
#####


You could see a dart slug, 2 orcs and a rat.

Vanquished Creatures
  2 leopard geckos (D:2)
  An orc (D:3)
  3 ball pythons (D:1)
  A giant cockroach (D:2)
  3 goblins
  9 hobgoblins
  A quokka (D:2)
  5 bats (D:1)
  5 frilled lizards
  7 kobolds
  4 rats
41 creatures vanquished.

Notes
Turn   | Place    | Note
-------+----------+-------------------------------------------
     0 | D:1      | Gorice the Hill Orc Wanderer began the quest for the Orb.
     0 | D:1      | Gorice set off with the following items: a +2 spear, a +0
                  | ring mail, a potion of lignification {!q}, a ration
     0 | D:1      | Reached XP level 1. HP: 18/18 MP: 2/2
    96 | D:1      | Reached XP level 2. HP: 25/25 MP: 3/3
   158 | D:1      | Reached skill level 3 in Fighting
   618 | D:2      | Reached XP level 3. HP: 24/31 MP: 4/4
   644 | D:2      | Reached skill level 4 in Armour
   986 | D:2      | Found an opulent altar of Gozag.
  1041 | D:2      | Reached skill level 1 in Axes
  1137 | D:2      | You fall through a shaft!
  1137 | D:3      | Noticed Terence
  1421 | D:3      | HP: 3/31 [orc priest/divine providence (9)]
  1424 | D:3      | Killed from afar by a dart slug

Skill      XL: |  1  2  3 |
---------------+----------+-----
Fighting       | 3 |  3.5
Armour         | 4 |  4.1
Axes           | 1 |  1.4
Shields        | |  1.1
Spellcasting   | |  1.0
Fire Magic     | |  2.1
Evocations     | |  1.0

Action                   || total
-------------------------++-------
Melee: Spear             ||   119
  Use: Scroll            ||     5
  Eat: Chunk             ||     2
Armor: Ring mail         ||    24
       Scale mail        ||    11
Dodge: Dodged            ||    60

Table legend:
 A = Turns spent in this place as a percentage of turns spent in the entire game.
 B = Non-inter-level travel turns spent in this place as a percentage of non-inter-level travel turns spent in the entire game.
 C = Inter-level travel turns spent in this place as a percentage of turns spent in this place.
 D = Turns resting spent in this place as a percentage of non-inter-level travel turns spent in this place.
 E = Turns spent auto-exploring this place as a percentage of non-inter-level travel turns spent in this place.
 F = Non-inter-level travel turns spent in this place divided by the number of levels of this place that you've seen.
                   A       B       C       D       E      F
               +-------+-------+-------+-------+-------+----------------------
         Total | 100.0 | 100.0 |   2.2 |   0.0 |  65.6 | 464.0
       Dungeon | 100.0 | 100.0 |   2.2 |   0.0 |  65.6 | 464.0
               +-------+-------+-------+-------+-------+----------------------

Levels and vault maps discovered:
D:1:      onia_arrival_handbag, layout_basic
D:2:      layout_basic, lemuel_crystal_altar
D:3:      layout_rooms, first_ration, minmay_quantized, uniq_terence
